 Dungeon Crawl Stone Soup version 0.26.0-45-g9c1d065592 (webtiles) character file.

Game seed: 17269775245714600997

93 growler the Ruffian (level 4, -9/40 HPs)
             Began as a Ghoul Monk on Jan 28, 2021.
             Killed from afar by Sigmund (10 damage)
             ... with a magic dart
             ... on level 2 of the Dungeon.
             The game lasted 00:07:42 (2939 turns).

growler the Ruffian (Ghoul Monk)                    Turns: 2939, Time: 00:07:43

Health: -9/40      AC:  2    Str: 15    XL:     4   Next: 62%
Magic:  3/3        EV: 13    Int:  5    God:
Gold:   161        SH:  0    Dex: 11    Spells: 3/3 levels left

rFire    . . .     SeeInvis .     - Unarmed
rCold    + . .     Faith    .   (no shield)
rNeg     + + +     Spirit   .   a - +0 robe
rPois    ∞         Reflect  .   (no helmet)
rElec    .         Harm     .   (no cloak)
rCorr    .         Rampage  .   (no gloves)
Will     .....                  (no boots)
Stlth    ++........             (no amulet)
HPRegen  0.00/turn              (no ring)
MPRegen  0.08/turn              (no ring)

@: flying
A: claws 1, cold resistance 1, negative energy resistance 3, inhibited
regeneration, torment resistance, unbreathing
a: no special abilities


You were on level 2 of the Dungeon.
You visited 1 branch of the dungeon, and saw 2 of its levels.

You collected 161 gold pieces.

Inventory:

Missiles
 b - 7 silver javelins
 c - 8 silver boomerangs
 j - 4 poisoned darts (quivered)
Armour
 a - a +0 robe (worn)
Jewellery
 m - a cursed ring of protection from fire {unknown}
   (You found it on level 2 of the Dungeon)
Scrolls
 d - 4 scrolls of identify {unknown}
 g - 2 scrolls of teleportation {unknown}
 h - a scroll of amnesia {unknown}
 i - a scroll of magic mapping {unknown}
 k - a scroll of remove curse {unknown}
 n - a scroll of enchant weapon {unknown}
 p - a scroll of fear {unknown}
 r - a scroll of immolation {unknown}
 s - a scroll of blinking {unknown}
 t - a scroll of noise {unknown}
Potions
 e - a potion of curing {unknown}
 f - 2 potions of degeneration {unknown}
 l - a potion of heal wounds {unknown}
 o - a potion of mutation {unknown}
 q - a potion of flight


   Skills:
 + Level 4.0 Fighting
 + Level 3.3 Dodging
 - Level 2.1 Stealth
 * Level 4.7 Unarmed Combat


You had 3 spell levels left.
You didn't know any spells.
Your spell library was empty.

Dungeon Overview and Level Annotations

Branches:
Dungeon (2/15)

Altars:
Fedhas
Hepliaklqana

Annotations:
D:2 Sigmund


Innate Abilities, Weirdness & Mutations

You thrive by killing the living.
You are immune to poison.
You have sharp fingernails.
Your flesh is cold resistant. (rC+)
You are immune to negative energy. (rN+++)
You do not regenerate when monsters are visible.
You are immune to unholy pain and torment.
You can survive without breathing.


Message History

The puff of flame hits you.
You see here 2 poisoned darts.
Things that are here:
3 poisoned darts; a dagger You see here a poisoned dart.
A magic dart appears from out of thin air!
The magic dart hits you.
You see here a poisoned dart.
A puff of flame appears from out of thin air!
The puff of flame misses you.
You see here a robe.
There is an open door here.
You close the door.
You open the door.
Throw: 10 darts (poison)
Aim: Sigmund, wielding a +2 vampiric scythe and wearing a +0 robe (heavily wounded, 53% to hit)
You throw a poisoned dart. The poisoned dart hits Sigmund.
Throw: 9 darts (poison)
Aim: Sigmund, wielding a +2 vampiric scythe and wearing a +0 robe (heavily wounded, 53% to hit)
You throw a poisoned dart. The poisoned dart hits Sigmund.
Sigmund is poisoned.
Throw: 8 darts (poison)
Aim: Sigmund, wielding a +2 vampiric scythe and wearing a +0 robe (heavily wounded, poisoned, 53% to hit)
You throw a poisoned dart.
The poisoned dart barely misses Sigmund.
Sigmund hits you from afar with a +2 vampiric scythe!
Throw: 7 darts (poison)
Aim: Sigmund, wielding a +2 vampiric scythe and wearing a +0 robe (heavily wounded, poisoned, 53% to hit)
You throw a poisoned dart. The poisoned dart hits Sigmund.
Sigmund looks even sicker.
Sigmund gestures at you while chanting. The puff of flame hits you!
* * * LOW HITPOINT WARNING * * *
Sigmund says, "Now you see me, now you don't..."
Throw: 6 darts (poison)
Aim: Sigmund, wielding a +2 vampiric scythe and wearing a +0 robe (grey smoke, severely wounded, poisoned, 53% to hit)
You throw a poisoned dart. The poisoned dart hits Sigmund.
Sigmund casts a spell at you. You resist with some effort.
Throw: 5 darts (poison)
Aim: Sigmund, wielding a +2 vampiric scythe and wearing a +0 robe (severely wounded, poisoned, 53% to hit)
You throw a poisoned dart. The poisoned dart hits Sigmund.
Sigmund gestures at you while chanting. The magic dart hits you!
* * * LOW HITPOINT WARNING * * *
It was a potion of flight.
You feel very buoyant.
You fly up into the air.
Sigmund points at you and mumbles some strange words.
The magic dart hits you!
You die...

# # ### '(## #..# ##### ##.##
#...#
##..##################...########
...................@..(§.'(((...[
+###############@#####§#.########
#.# #§### #.# ##§########## ###
#.# #...#...((... #.# #.#
#._.#'#.##..{ #.# ######.##
#...#...##.## #.##
#.......#######(.###.# #..#
#........)(..{((.....# ##.##
#......(.##.(.....####


You could see Sigmund (poisoned).

Vanquished Creatures
  Terence (D:2)
  2 adders (D:2)
  3 worms (D:2)
  A dart slug (D:1)
  A leopard gecko (D:1)
  3 giant cockroaches
  2 goblins
  7 hobgoblins
  2 quokkas (D:2)
  3 bats
  3 frilled lizards
  6 kobolds
  7 rats
41 creatures vanquished.

Notes
Turn   | Place    | Note
-------+----------+-------------------------------------------
     0 | D:1      | growler the Ghoul Monk began the quest for the Orb.
     0 | D:1      | Reached XP level 1. HP: 19/19 MP: 0/0
   385 | D:1      | Reached XP level 2. HP: 26/26 MP: 1/1
  1328 | D:2      | Reached XP level 3. HP: 28/31 MP: 2/2
  1376 | D:2      | Found a blossoming altar of Fedhas.
  1573 | D:2      | Noticed Sigmund
  2340 | D:2      | Found a hazy altar of Hepliaklqana.
  2568 | D:2      | Noticed Terence
  2578 | D:2      | Killed Terence
  2579 | D:2      | Reached XP level 4. HP: 33/40 MP: 3/3
  2938 | D:2      | HP: 1/40 [Sigmund/magic dart (10)]
  2939 | D:2      | Killed from afar by Sigmund

Illustrated notes

Levels and vault maps discovered:
D:1:      dpeg_arrival_simpleton_b, layout_basic, serial_rivers,
          chequers_serial_rivers_large_b, chequers_serial_rivers_room_a,
          chequers_serial_rivers_micro_a, chequers_serial_rivers_marsh,
          chequers_serial_rivers_small_b
D:2:      layout_basic, fedhas_altar_2, nzn_hepliaklqana_mist_gate, tso_altar,
          uniq_terence, uniq_sigmund

Skill      XL: |  1  2  3  4 |
---------------+-------------+-----
Dodging        | 3 |  3.3
Unarmed Combat | 4 |  4.7
Fighting       | 4 |  4.0
Stealth        | |  2.1

Action                   |  1- 3 |  4- 6 || total
-------------------------+-------+-------++-------
Melee: Unarmed           |   140 |    11 ||   151
Throw: Dart              |    25 |    13 ||    38
  Use: Potion            |       |     1 ||     1
 Stab: Sleeping          |     5 |       ||     5
Armor: Robe              |    20 |     1 ||    21
Dodge: Dodged            |    88 |     4 ||    92
